 Dungeon Crawl Stone Soup version 0.21-a0-110-g8e1637b (webtiles) character file.

2975 MackTheKnife the Destroyer (level 9, -7/75 HPs)
             Began as a Green Draconian Conjurer on July 9, 2017.
             Was a Follower of Sif Muna.
             Shot with a sling bullet by Joseph (25 damage)
             ... on level 7 of the Dungeon.
             The game lasted 00:12:48 (7292 turns).

MackTheKnife the Destroyer (DrCj)                   Turns: 7292, Time: 00:12:49

Health: -7/75      AC: 14    Str: 10    XL:     9   Next: 53%
Magic:  4/21       EV: 12    Int: 18    God:    Sif Muna [*.....]
Gold:   129        SH:  0    Dex: 13    Spells: 17/24 levels left

rFire    + . .     SeeInvis .   t - +7 dagger "Omelette" {flame, rPois rF+}
rCold    . . .     Gourm    .   (no shield)
rNeg     . . .     Faith    .   (armour unavailable)
rPois    +         Spirit   .   k - +2 hat
rElec    .         Reflect  .   j - +0 cloak
rCorr    .         Harm     .   d - +0 pair of gloves (curse)
MR       .....                  o - +2 pair of boots
Stlth    ++........             (no amulet)
HPRegen  0.22/turn              (no ring)
MPRegen  0.17/turn              (no ring)

@: short of breath
A: breathe noxious fumes, unfitting armour, poison resistance, cold-blooded, AC
+7
a: Breathe Noxious Fumes, Divine Energy, Renounce Religion


You were on level 7 of the Dungeon.
You worshipped Sif Muna.
Sif Muna was aware of your devotion.
You were hungry.

You visited 2 branches of the dungeon, and saw 8 of its levels.

You collected 225 gold pieces.
You spent 96 gold pieces at shops.

Inventory:

Hand Weapons
 t - the +7 dagger "Omelette" (weapon) {flame, rPois rF+}
   (You found it on level 5 of the Dungeon)

   It has been specially enchanted to burn those struck by it, causing extra
   injury to most foes and up to half again as much damage against particularly
   susceptible opponents.
   It protects you from fire.
   It protects you from poison.
Armour
 d - a cursed +0 pair of gloves (worn)
   (You found it on level 1 of the Dungeon)
 j - a +0 cloak (worn)
   (You found it on level 4 of the Dungeon)
 k - a +2 hat (worn)
   (You found it on level 2 of the Dungeon)
 o - a +2 pair of boots (worn)
   (You found it on level 3 of the Dungeon)
 z - a +2 hat
   (You found it on level 6 of the Dungeon)
Wands
 p - a wand of flame (48/48)
   (You found it on level 4 of the Dungeon)
 B - a wand of paralysis (16/24)
   (You found it on level 7 of the Dungeon)
Scrolls
 h - a scroll of amnesia
 r - 2 scrolls of enchant armour
 u - 2 scrolls of identify
 v - 2 scrolls of fear
 w - a scroll of enchant weapon
 x - a scroll of noise {unknown}
 y - a scroll of holy word {unknown}
Potions
 e - a potion of curing
 f - 3 potions of heal wounds
 i - a potion of might
 l - a potion of haste {unknown}
 m - a potion of magic {unknown}
 n - a potion of ambrosia
 q - a potion of flight {unknown}
 s - a potion of mutation {unknown}
Books
 a - a book of Conjurations
Comestibles
 b - a bread ration {@e1}
 c - 4 meat rations {@e2}
 g - 2 fruits
 A - a royal jelly


   Skills:
 - Level 6.0 Fighting
 - Level 1.7 Dodging
 - Level 1.7 Stealth
 + Level 8.0 Spellcasting
 + Level 9.5 Conjurations


You had 17 spell levels left.
You knew the following spells:

 Your Spells              Type           Power        Failure   Level  Hunger
a - Searing Ray           Conj           #####.       1%          2    None
x - Iskenderun's Mystic   Conj           #####...     1%          4    ###....
z - Magic Dart            Conj           ####         1%          1    None


Dungeon Overview and Level Annotations

Branches:
Dungeon (7/15)             Temple (1/1) D:6

Altars:
Ashenzari
Cheibriados
Dithmenos
Elyvilon
Gozag
Hepliaklqana
Kikubaaqudgha
Nemelex Xobeh
Okawaru
Qazlal
Ru
Sif Muna
Trog
Vehumet
Wu Jian
Xom
Yredelemnul
Zin

Shops:
D:5 *

Annotations:
D:7 Joseph


Innate Abilities, Weirdness & Mutations

You can breathe blasts of noxious fumes.
Your lurid green scales are hard. (AC +7)
You cannot fit into any form of body armour.
Your system is resistant to poisons. (rPois)
You are cold-blooded and may be slowed by cold attacks.


Message History

The magic dart hits the crimson imp.
The crimson imp hits you but does no damage.
You now have 11/20 mp.
Aim: a crimson imp (almost dead)
The magic dart hits the crimson imp.
The crimson imp grins evilly.
The crimson imp hits you but does no damage.
You now have 10/20 mp.
Aim: a crimson imp (almost dead)
The magic dart hits the crimson imp.
The crimson imp hits you but does no damage.
Aim: a crimson imp (severely wounded)
The magic dart hits the crimson imp.
The crimson imp hits you but does no damage.
You now have 9/20 mp.
Aim: a crimson imp (severely wounded)
The orb of energy hits the crimson imp.
You kill the crimson imp!
Sif Muna accepts your kill.
The phantom blinks!
You now have 5/20 mp.
You see here a quokka corpse.
You butcher the quokka corpse.
C - a chunk of flesh {@w0} You see here a quokka skeleton.
Eat a chunk of flesh {@w0}? (ye/n/q)
You eat the chunk of flesh {@w0}.
The phantom blinks!
The phantom hits you.
You take 6 damage, and have 69/75 hp.
You puncture the phantom! You burn the phantom.
The phantom hits you but does no damage.
You miss the phantom.
Your tail-slap misses the phantom.
The phantom hits you but does no damage.
You hit the phantom. You burn the phantom.
The phantom hits you but does no damage.
You closely miss the phantom.
The phantom hits you but does no damage.
You hit the phantom. You burn the phantom.
You tail-slap the phantom, but do no damage.
The phantom hits you but does no damage.
You hit the phantom. You burn the phantom. The phantom hits you!
The phantom blinks!
You take 9 damage, and have 61/75 hp.
You hit the phantom. You burn the phantom. The phantom completely misses you.
You hit the phantom. You burn the phantom.
You destroy the phantom!
Sif Muna accepts your kill.
No target in view!
No target in view!
You start resting.
You regained 2 hp, and now have 64/75 hp.
You regained 2 mp, and now have 10/20 mp.
A centaur is nearby!
The centaur shoots an arrow.
The arrow hits you!
You take 7 damage, and have 57/75 hp.
The centaur shoots an arrow.
The arrow hits you but does no damage.
You hear a shout!
You see here an arrow.
Aim: a centaur, wielding a shortbow You fail to use your ability.
The centaur shoots an arrow.
The arrow hits you but does no damage.
Aim: a centaur, wielding a shortbow You exhale a blast of noxious fumes.
The blast of choking fumes hits the centaur.
You are feeling hungry.
The centaur is engulfed in noxious fumes.
The centaur appears confused.
The centaur is engulfed in noxious fumes.
The centaur appears confused.
Joseph, a Mercenary comes into view.
He is wielding a quarterstaff of speed.
Joseph shouts!
The centaur is engulfed in noxious fumes.
The centaur appears confused.
Joseph unwields an uncursed quarterstaff of speed.
Joseph wields a hunting sling.
Joseph shoots a sling bullet.
The sling bullet hits you!
You see here a sling bullet.
You take 13 damage, and have 45/75 hp.
Joseph shoots a sling bullet.
The sling bullet hits you!
You take 7 damage, and have 38/75 hp.
Joseph shoots a sling bullet.
The sling bullet hits you but does no damage.
Things that are here:
a sling bullet; 2 arrows
Aim: a centaur, wielding a shortbow (heavily wounded, confused)
The orb of energy hits the centaur.
You now have 7/20 mp.
Aim: a centaur, wielding a shortbow (almost dead, confused)
The orb of energy hits the centaur.
You kill the centaur!
Sif Muna accepts your kill.
Your Spellcasting skill increases to level 8!
You now have 4/21 mp.
Joseph shoots a sling bullet.
The sling bullet hits you!!
* * * LOW HITPOINT WARNING * * *
You see here a sling bullet.
You take 22 damage, and have 18/75 hp.
MASSIVE DAMAGE!!
Joseph shoots a sling bullet.
The sling bullet hits you!!
You die...

.. .. #.....# ..
...
#.....##'###'##...
#.................
#.................
#...?.............
#.......).....%...
#.......[.<.......
#....@####........
#....(# #........
#.....# +........
#.....# #........
#....@##+#........
#........@.######.
#..รท.(.....#
#..........#
#.......)..#


You could see Joseph.

Vanquished Creatures
  Grinder (D:3)
  Sigmund (D:2)
  A wraith (D:6)
  Menkaure (D:5)
  Edmund (D:6)
  2 sky beasts (D:6)
  An orc warrior (D:7)
  2 ice beasts (D:6)
  2 phantoms
  5 ogres
  The ghost of Swallow the Chopper, an amateur DsMo (D:3)
  2 centaurs
  Blork the orc (D:5)
  2 bullfrogs
  2 scorpions
  2 crimson imps
  3 orc priests
  2 hounds
  2 orc wizards (D:4)
  5 worker ants
  Robin (D:2)
  4 gnolls (D:4)
  5 adders
  3 shadow imps
  An ooze (D:1)
  An adder skeleton (D:6)
  4 worms
  4 dart slugs
  2 leopard geckos
  26 orcs
  4 ball pythons
  6 bats
  4 giant cockroaches
  10 goblins
  10 hobgoblins
  8 jackals
  3 quokkas
  6 frilled lizards
  7 kobolds
  6 rats
154 creatures vanquished.

Notes
Turn   | Place    | Note
-------+----------+-------------------------------------------
     0 | D:1      | MackTheKnife the Draconian Conjurer began the quest for the Orb.
     0 | D:1      | Reached XP level 1. HP: 14/14 MP: 3/3
   118 | D:1      | Reached XP level 2. HP: 15/20 MP: 0/5
   200 | D:1      | Learned a level 2 spell: Searing Ray
   729 | D:1      | Reached XP level 3. HP: 26/26 MP: 0/7
  1303 | D:2      | Noticed Sigmund
  1318 | D:2      | Killed Sigmund
  1318 | D:2      | Reached skill level 4 in Spellcasting
  1318 | D:2      | Reached skill level 5 in Conjurations
  1318 | D:2      | Reached XP level 4. HP: 33/33 MP: 8/10
  1318 | D:2      | Reached XP level 5. HP: 38/38 MP: 8/11
  1364 | D:2      | Noticed Robin
  1389 | D:2      | Killed Robin
  1753 | D:2      | Learned a level 4 spell: Iskenderun's Mystic Blast
  2411 | D:3      | Noticed Swallow's ghost (amateur DsMo)
  2426 | D:3      | Killed Swallow's ghost
  2426 | D:3      | Reached skill level 6 in Conjurations
  2426 | D:3      | Reached XP level 6. HP: 37/45 MP: 0/12
  2937 | D:3      | Noticed Grinder
  3006 | D:3      | Killed Grinder
  3006 | D:3      | Reached skill level 5 in Spellcasting
  3006 | D:3      | Your scales start taking on a lurid green colour.
  3006 | D:3      | Reached XP level 7. HP: 50/50 MP: 1/14
  3006 | D:3      | Gained mutation: Your system is resistant to poisons. (rPois) [Green Draconian growth]
  3321 | D:3      | Reached skill level 7 in Conjurations
  3720 | D:4      | Reached skill level 6 in Spellcasting
  4264 | D:4      | Reached XP level 8. HP: 49/57 MP: 17/17
  4347 | D:4      | Found a shattered altar of Ashenzari.
  4440 | D:4      | Reached skill level 2 in Fighting
  4582 | D:5      | Entered Level 5 of the Dungeon
  4628 | D:5      | Found Jezaluog's Assorted Antiques.
  4632 | D:5      | Bought a scroll labeled HUGGA QITUNTAU for 24 gold pieces
  4632 | D:5      | Bought a scroll labeled HUGGA QITUNTAU for 24 gold pieces
  4632 | D:5      | Bought a scroll labeled UKE IMIURCH for 24 gold pieces
  4632 | D:5      | Bought a scroll labeled UTUTTU UCAE for 24 gold pieces
  4649 | D:5      | Reached skill level 3 in Fighting
  4749 | D:5      | Noticed Blork the orc
  4757 | D:5      | Killed Blork the orc
  4757 | D:5      | Reached skill level 4 in Fighting
  5036 | D:5      | Reached skill level 5 in Fighting
  5179 | D:5      | Noticed Menkaure
  5181 | D:5      | Killed Menkaure
  5466 | D:5      | Reached skill level 6 in Fighting
  5635 | D:5      | Got a smoking dagger
  5684 | D:5      | Identified the +7 dagger "Omelette" {flame, rPois rF+} (You found it on level 5 of the Dungeon)
  5717 | D:6      | Noticed Edmund
  5730 | D:6      | Reached skill level 8 in Conjurations
  5880 | D:6      | HP: 24/105 [Edmund/dire flail of protection (6)]
  5881 | D:6      | Killed Edmund
  6185 | D:6      | Found a staircase to the Ecumenical Temple.
  6194 | Temple   | Entered the Ecumenical Temple
  6235 | Temple   | Became a worshipper of Sif Muna the Loreminder
  6285 | D:6      | Reached XP level 9. HP: 75/75 MP: 8/19
  6298 | D:6      | Reached skill level 7 in Spellcasting
  6963 | D:6      | Reached skill level 9 in Conjurations
  6967 | D:6      | Reached * piety under Sif Muna
  7283 | D:7      | Noticed Joseph
  7289 | D:7      | Reached skill level 8 in Spellcasting
  7291 | D:7      | HP: 18/75 [Joseph/sling bullet (22)]
  7292 | D:7      | Shot with a sling bullet by Joseph

Vault maps used:
D:1:      onia_arrival_handbag
D:2:      uniq_robin, uniq_sigmund
D:3:      uniq_grinder
D:4:      first_bread, st_stairs_7, kennysheep_nub,
          hangedman_abyss_or_decor_stagger, hangedman_feature_mirror,
          nrook_loot_triangle, nrook_mini_vaults, nicolae_ashenzari_panopticon
D:5:      serial_shops, shop_fountains, corexii_shack, uniq_blork_the_orc,
          uniq_menkaure
D:6:      minmay_temple_entry_mist, uniq_edmund
D:7:      overflow_temple_1_default, uniq_joseph
Temple:   kilobyte_greek_temple

Skill      XL: |  1  2  3  4  5  6  7  8  9 |
---------------+----------------------------+-----
Spellcasting   | 4 5 6 8 |  8.0
Conjurations   | 5 6 7 8 9 |  9.5
Fighting       | 6 |  6.0
Dodging        | |  1.7
Stealth        | |  1.7

Action                   |  1- 3 |  4- 6 |  7- 9 || total
-------------------------+-------+-------+-------++-------
Melee: Unarmed           |    51 |       |       ||    51
       Tailslap          |     5 |     3 |    14 ||    22
       Short sword       |     5 |    77 |     7 ||    89
       Falchion          |       |       |    80 ||    80
       Dagger            |       |       |    83 ||    83
       War axe           |       |       |    23 ||    23
 Cast: Magic Dart        |    42 |    41 |    56 ||   139
       Searing Ray       |     1 |     5 |     1 ||     7
       Iskenderun's Myst |       |     5 |    55 ||    60
 Abil: Breathe Noxious F |       |       |    21 ||    21
Evoke: Wand              |       |     1 |       ||     1
  Use: Potion            |     2 |     1 |     3 ||     6
       Scroll            |       |     2 |     9 ||    11
 Stab: Sleeping          |     1 |     1 |     3 ||     5
       Confused          |       |       |     1 ||     1
  Eat: Chunk             |     1 |     2 |    14 ||    17
       Bread ration      |       |     1 |     2 ||     3
       Fruit             |       |       |     2 ||     2
       Meat ration       |       |       |     1 ||     1
Armor: Skin              |    16 |    28 |    94 ||   138
Dodge: Dodged            |    45 |    59 |   130 ||   234
       Rpst.: Falchion   |       |       |    20 ||    20

Vault maps used:
D:1:      onia_arrival_handbag
D:2:      uniq_robin, uniq_sigmund
D:3:      uniq_grinder
D:4:      first_bread, st_stairs_7, kennysheep_nub,
          hangedman_abyss_or_decor_stagger, hangedman_feature_mirror,
          nrook_loot_triangle, nrook_mini_vaults, nicolae_ashenzari_panopticon
D:5:      serial_shops, shop_fountains, corexii_shack, uniq_blork_the_orc,
          uniq_menkaure
D:6:      minmay_temple_entry_mist, uniq_edmund
D:7:      overflow_temple_1_default, uniq_joseph
Temple:   kilobyte_greek_temple

Table legend:
 A = Turns spent in this place as a percentage of turns spent in the entire game.
 B = Non-inter-level travel turns spent in this place as a percentage of non-inter-level travel turns spent in the entire game.
 C = Inter-level travel turns spent in this place as a percentage of turns spent in this place.
 D = Turns resting spent in this place as a percentage of non-inter-level travel turns spent in this place.
 E = Turns spent auto-exploring this place as a percentage of non-inter-level travel turns spent in this place.
 F = Non-inter-level travel turns spent in this place divided by the number of levels of this place that you've seen.
                   A       B       C       D       E      F
               +-------+-------+-------+-------+-------+----------------------
         Total | 100.0 | 100.0 |   0.6 |   5.1 |  11.6 | 208.5
       Dungeon |  99.4 |  99.5 |   0.5 |   5.1 |  11.6 | 237.0
        Temple |   0.6 |   0.5 |  10.0 |   0.0 |  11.1 |   9.0
               +-------+-------+-------+-------+-------+----------------------

Table legend:
 A = Kills in this place as a percentage of kills in entire the game.
 B = Kills by you in this place as a percentage of kills by you in the entire game.
 C = Kills by friends in this place as a percentage of kills by friends in the entire game.
 D = Other kills in this place as a percentage of other kills in the entire game.
 E = Experience gained in this place as a percentage of experience gained in the entire game.
 F = Experience gained in this place divided by the number of levels of this place that you have seen.
                   A       B       C       D       E      F
               +-------+-------+-------+-------+-------+----------------------
         Total | 100.0 | 100.0 |  -nan | 100.0 | 100.0 | 531.2
       Dungeon | 100.0 | 100.0 |  -nan | 100.0 | 100.0 | 607.1
               +-------+-------+-------+-------+-------+----------------------
